 Dungeon Crawl Stone Soup version 0.31-a0-339-gda1cbd555d (webtiles) character file.

Game seed: 7651045396775777233

1238959 Ge0ff the Thrower (level 26, 250/250 HPs)
             Began as an Armataur Venom Mage on July 19, 2023.
             Was the Champion of Ashenzari.
             Escaped with the Orb
             ... and 3 runes on July 20, 2023!
             The game lasted 04:14:32 (146829 turns).

Ge0ff the Thrower (Armataur Venom Mage)           Turns: 146829, Time: 04:14:33

Health: 250/250    AC: 27    Str: 16    XL:     26   Next: 34%
Magic:  45/45      EV: 13    Int: 31    God:    Ashenzari [******]
Gold:   4748       SH: 12    Dex: 14    Spells: 2/61 levels left

rFire   + + .        a - +9 whip "Submission of Ashenzari" {flame, rPois Int+3, Cun, Self} (curse)
rCold   + . .        i - +3 buckler of Supernal Gnosis {rF+, Bglg, Comp} (curse)
rNeg    + + .        A - +4 troll leather armour "Submission of Ashenzari" {Regen+, Self, Bglg} (curse)
rPois   +            Q - +0 hat "Ensconced Together" {Int+7, Bglg, Alch} (curse)
rElec   .            G - +2 cloak of Star-Bound Wisdom {Elem, Range} (curse)
rCorr   .            b - +0 pair of gloves of the Perceptive God {Bglg, Fort} (curse)
SInv    +            M - +1 barding "Restrained Together" {Fly, Fort, Dev} (curse)
Will    ++...        x - amulet of Ashenzari's Sorrow {rF+ Regen+, Elem, Fort} (curse)
Stlth   ++           c - ring "Circumscribed With Me" {rC+ rN++ Int-4 Dex+3 SInv, Cun, Elem} (curse)
HPRegen 2.21/turn    y - ring of the Eternal Welkin {Will+, Elem, Fort} (curse)
MPRegen 0.29/turn

%: clarity, roll
@: flying
A: large, rugged brown scales 3, deformed body, armoured tail, roll, long
tongue, awkward tongue, talons 1, poison resistance, inability to read after
injury 1
0: Orb of Zot
}: 3/15 runes: barnacled, silver, gossamer
a: Renounce Religion, Shatter the Chains


You escaped.
You worshipped Ashenzari.
Ashenzari was exalted by your worship.
You visited 12 branches of the dungeon, and saw 52 of its levels.
You visited 1 bazaar.
You also visited: Trove, Bailey and Volcano.

You collected 9353 gold pieces.
You spent 4605 gold pieces at shops.

Inventory:

Hand Weapons
 a - the cursed +9 whip "Submission of Ashenzari" (weapon) {flame, rPois Int+3, Cun, Self}
   (You found it on level 5 of the Dungeon)

   Int:       It affects your intelligence (+3).
   rPois:     It protects you from poison.
   It has a curse which improves the following skills: Cunning: Dodging and
   Stealth.
   Introspection: Fighting and Spellcasting.
Missiles
 e - 15 atropa-tipped darts
 g - 15 throwing nets {=F}
 h - 9 silver javelins
 v - 5 curare-tipped darts {=F}
 D - 18 javelins
 L - 50 boomerangs
 Y - 3 silver boomerangs
 Z - 13 boomerangs of dispersal
Armour
 b - the cursed +0 pair of gloves of the Perceptive God (worn) {Bglg, Fort}
   (You found it on level 4 of the Lair of Beasts)

   It has a curse which improves the following skills: Beguiling: Conjurations,
   Hexes and Translocations.
   Fortitude: Armour and Shields.
 f - the +0 mask of the Dragon {Will+ Slay+3 SInv}
   (You bought it in a shop on level 2 of the Depths)

   Slay:      It affects your accuracy & damage with ranged weapons and melee
   (+3).
   SInv:      It lets you see invisible.
   Will:      It increases your willpower.
 i - the cursed +3 buckler of Supernal Gnosis (worn) {rF+, Bglg, Comp}
   (You took it off a tengu warrior on level 2 of the Depths)

   It has a curse which improves the following skills: Beguiling: Conjurations,
   Hexes and Translocations.
   Companions: Summonings and Necromancy.
 A - the cursed +4 troll leather armour "Submission of Ashenzari" (worn) {Regen+, Self, Bglg}
   (You found it on level 1 of the Orcish Mines)

   Regen:     It increases your rate of health regeneration.
   It has a curse which improves the following skills: Introspection: Fighting
   and Spellcasting.
   Beguiling: Conjurations, Hexes and Translocations.
 G - the cursed +2 cloak of Star-Bound Wisdom (worn) {Elem, Range}
   (You took it off Nikola on level 1 of the Vaults)

   It has a curse which improves the following skills: Elements: Fire Magic, Ice
   Magic, Air Magic and Earth Magic.
   Ranged Combat: Ranged Weapons and Throwing.
 M - the cursed +1 barding "Restrained Together" (worn) {Fly, Fort, Dev}
   (You found it on level 4 of the Spider Nest)

   It has a curse which improves the following skills: Fortitude: Armour and
   Shields.
   Devices:   Evocations and Shapeshifting.
 Q - the cursed +0 hat "Ensconced Together" (worn) {Int+7, Bglg, Alch}
   (You acquired it on level 7 of the Dungeon)

   Int:       It affects your intelligence (+7).
   It has a curse which improves the following skills: Beguiling: Conjurations,
   Hexes and Translocations.
   Alchemy:   Poison Magic and Transmutations.
Magical Staves
 w - the staff of Ge0ff's Extinguishment {Int+3 Earth}
   (You found it on level 5 of the Vaults)

   [staff of earth]

   Base accuracy: +5 Base damage: 5 Base attack delay: 1.2 This weapon's minimum
   attack delay (0.6) is reached at skill level 12.
   Int:       It affects your intelligence (+3).
   Earth:     It increases the power of your Earth spells.
   It falls into the 'Staves' category.
   It is a one-handed weapon.
Jewellery
 c - the cursed ring "Circumscribed With Me" (left hand) {rC+ rN++ Int-4 Dex+3 SInv, Cun, Elem}
   (You found it on level 5 of the Dungeon)

   [ring of protection from cold]

   Int:       It affects your intelligence (-4).
   Dex:       It affects your dexterity (+3).
   rC:        It protects you from cold.
   rN:        It greatly protects you from negative energy.
   SInv:      It lets you see invisible.
   It has a curse which improves the following skills: Cunning: Dodging and
   Stealth.
   Elements:  Fire Magic, Ice Magic, Air Magic and Earth Magic.
 k - the ring of Xalasm {+Blink rElec rCorr Str-4 SInv}
   (You bought it in a shop on level 1 of the Shoals)

   [ring of resist corrosion]

   Str:       It affects your strength (-4).
   rElec:     It insulates you from electricity.
   SInv:      It lets you see invisible.
   +Blink:    It lets you blink.
   rCorr:     It protects you from acid and corrosion.
 x - the cursed amulet of Ashenzari's Sorrow (around neck) {rF+ Regen+, Elem, Fort}
   (You acquired it in a treasure trove)

   [amulet of regeneration]

   rF:        It protects you from fire.
   Regen:     It increases your rate of health regeneration.
   It has a curse which improves the following skills: Elements: Fire Magic, Ice
   Magic, Air Magic and Earth Magic.
   Fortitude: Armour and Shields.
 y - the cursed ring of the Eternal Welkin (right hand) {Will+, Elem, Fort}
   (You bought it in a shop on level 1 of the Shoals)

   [ring of willpower]

   Will:      It increases your willpower.
   It has a curse which improves the following skills: Elements: Fire Magic, Ice
   Magic, Air Magic and Earth Magic.
   Fortitude: Armour and Shields.
Wands
 d - a wand of digging (21)
 j - a wand of quicksilver (36)
 p - a wand of paralysis (33)
 r - a wand of roots (17)
 s - a wand of mindburst (28)
 P - a wand of polymorph (5)
Scrolls
 m - 2 scrolls of revelation
 B - 5 scrolls of blinking
 C - 9 scrolls of poison
 E - 6 scrolls of fear
 F - 13 scrolls of fog
 J - 5 scrolls of silence {!r}
 S - 6 scrolls of summoning
 T - 18 scrolls of teleportation
 V - 11 scrolls of vulnerability
Potions
 o - 9 potions of ambrosia
 q - 20 potions of curing
 u - 4 potions of mutation {!q}
 z - 6 potions of brilliance
 H - 3 potions of haste {!q}
 I - a potion of invisibility
 K - 9 potions of magic {!q}
 N - 5 potions of cancellation {!q}
 R - 4 potions of resistance
 W - 9 potions of heal wounds {!q}
 X - 9 potions of enlightenment
Miscellaneous
 l - a lightning rod (1/4)
 n - a phial of floods
 t - a tin of tremorstones (1/2)
 O - a sack of spiders
 U - a phantom mirror


   Skills:
 - Level 14.9(18.4) Fighting
 - Level 14.9(17.2) Throwing
 - Level 14.3(20.0) Armour
 + Level 9.4(13.0) Dodging
 + Level 7.8(11.4) Stealth
 + Level 12.9(18.6) Shields
 - Level 14.9(18.4) Spellcasting
 - Level 14.9(20.5) Conjurations
 - Level 2.3(6.4) Hexes
 - Level 9.5(12.0) Summonings
 - Level 11.5(14.0) Necromancy
 - Level 3.2(7.8) Translocations
 - Level 2.4(4.4) Transmutations
 - Level 14.9(20.5) Fire Magic
 - Level 14.9(20.5) Air Magic
 - Level 3.0(7.5) Earth Magic
 - Level 9.4(11.9) Poison Magic
 - Level 12.6(15.0) Evocations


You had 2 spell levels left.
You knew the following spells:

 Your Spells              Type           Power      Damage    Failure   Level
a - Sublimation of Blood  Necr           86%        N/A       0%          2
d - Iskenderun's Mystic   Conj/Tloc      86%        2d17      1%          4
e - Irradiate             Conj/Tmut      41%        3d25      1%          5
g - Apportation           Tloc           100%       N/A       1%          1
m - Plasma Beam           Fire/Air       51%        2x1d66    1%          6
n - Dispel Undead         Necr           86%        3d28      1%          4
q - Swiftness             Air            100%       N/A       0%          3
s - Spellforged Servitor  Conj/Summ      46%        N/A       1%          7
w - Passwall              Tmut/Erth      50%        N/A       1%          2
x - Maxwell's Capacitive  Air            51%        ∞         2%          8
y - Yara's Violent Unrav  Hex/Tmut       29%        3d12      4%          5
B - Blink                 Tloc           100%       N/A       1%          2
C - Fireball              Conj/Fire      51%        3d20      0%          5
E - Arcjolt               Conj/Air       51%        1d61      0%          5

Your spell library contained the following spells:

 Spells                   Type           Power      Damage    Failure   Level
 Foxfire                  Conj/Fire      100%       2x1d9     0%          1
 Kiss of Death            Conj/Necr      100%       2d13      0%          1
 Magic Dart               Conj           100%       1d8       0%          1
 Shock                    Conj/Air       100%       1d9       0%          1
 Cigotuvi's Dreadful Rot  Necr/Pois/Air  100%       N/A       0%          2
 Momentum Strike          Conj/Tloc      100%       3d10      0%          2
 Poisonous Vapours        Pois/Air       100%       N/A       0%          2
 Scorch                   Fire           100%       2d9       0%          2
 Freeze                   Ice            100%       1d10      1%          1
 Sandblast                Erth           100%       2d20      1%          1
 Slow                     Hex            100%       N/A       1%          1
 Sting                    Tmut/Pois      100%       1d8       1%          1
 Call Imp                 Summ           100%       N/A       1%          2
 Ensorcelled Hibernation  Hex/Ice        100%       N/A       1%          2
 Lesser Beckoning         Tloc           100%       N/A       1%          2
 Wereblood                Tmut           54%        N/A       1%          2
 Mephitic Cloud           Conj/Pois/Air  95%        N/A       0%          3
 Stone Arrow              Conj/Erth      100%       3d13      0%          3
 Vampiric Draining        Necr           86%        2d12      0%          3
 Vhi's Electric Charge    Tloc/Air       100%       N/A       0%          3
 Volatile Blastmotes      Fire/Tloc      100%       2d18      0%          3
 Airstrike                Air            51%        2d(8-24)  0%          4
 Flame Wave               Conj/Fire      100%       2d21      0%          4
 Sticky Flame             Conj/Fire      100%       2d11      0%          4
 Iskenderun's Battlesphe  Conj           100%       2d15      0%          5
 Call Canine Familiar     Summ           80%        N/A       1%          3
 Confusing Touch          Hex            62%        N/A       1%          3
 Dazzling Flash           Conj/Hex       100%       N/A       1%          3
 Gell's Gravitas          Tloc           67%        N/A       1%          3
 Ignite Poison            Fire/Tmut/Pois 81%        N/A       1%          3
 Inner Flame              Hex/Fire       84%        N/A       1%          3
 Portal Projectile        Hex/Tloc       100%       N/A       1%          3
 Summon Guardian Golem    Hex/Summ       72%        N/A       1%          3
 Teleport Other           Tloc           67%        N/A       1%          3
 Tukima's Dance           Hex            62%        N/A       1%          3
 Anguish                  Hex/Necr       37%        N/A       1%          4
 Animate Armour           Summ/Erth      100%       N/A       1%          4
 Animate Dead             Necr           86%        N/A       1%          4
 Cause Fear               Hex            31%        N/A       1%          4
 Fulminant Prism          Conj/Hex       42%        3d19      1%          4
 Leda's Liquefaction      Hex/Erth       32%        N/A       1%          4
 Manifold Assault         Tloc           67%        N/A       1%          4
 Olgreb's Toxic Radiance  Pois           80%        N/A       1%          4
 Passage of Golubria      Tloc           67%        N/A       1%          4
 Petrify                  Tmut/Erth      60%        N/A       1%          4
 Summon Ice Beast         Ice/Summ       62%        N/A       1%          4
 Summon Lightning Spire   Summ/Air       92%        N/A       1%          4
 Borgnjor's Vile Clutch   Necr/Erth      38%        N/A       1%          5
 Freezing Cloud           Conj/Ice/Air   43%        6-21      1%          5
 Silence                  Hex/Air        42%        N/A       1%          5
 Summon Forest            Summ/Tloc      37%        N/A       1%          5
 Summon Mana Viper        Hex/Summ       72%        N/A       1%          5
 Death Channel            Necr           43%        N/A       1%          6
 Leda's Unmaking          Conj/Erth      43%        9d7       1%          6
 Starburst                Conj/Fire      51%        6d14      1%          6
 Summon Cactus Giant      Summ           40%        N/A       1%          6
 Ignition                 Fire           51%        3d14      2%          8
 Frozen Ramparts          Ice            68%        1d11      3%          3
 Ozocubu's Armour         Ice            34%        N/A       3%          3
 Haunt                    Necr/Summ      41%        N/A       7%          7
 Eringya's Noxious Bog    Tmut/Pois      34%        4d6       9%          6
 Metabolic Englaciation   Hex/Ice        25%        N/A       11%         5
 Dispersal                Tloc           33%        N/A       11%         6
 Monstrous Menagerie      Summ           40%        N/A       11%         7
 Summon Hydra             Summ           40%        N/A       11%         7
 Simulacrum               Ice/Necr       32%        N/A       12%         6
 Borgnjor's Revivificati  Necr           43%        N/A       34%         8
 Infestation              Necr           43%        N/A       34%         8
 Lehudib's Crystal Spear  Conj/Erth      43%        10d10     34%         8
 Chain Lightning          Conj/Air       51%        3d68      36%         9
 Fire Storm               Conj/Fire      51%        8d13      36%         9
 Disjunction              Tloc           33%        N/A       99%         8
 Death's Door             Necr           43%        N/A       99%         9
 Ozocubu's Refrigeration  Ice            17%        4d11      100%        7
 Dragon's Call            Summ           40%        N/A       100%        9
 Shatter                  Erth           33%        3d27*     100%        9


Dungeon Overview and Level Annotations

Branches:
Dungeon (15/15)            Temple (1/1) D:5            Lair (5/5) D:8
 Shoals (4/4) Lair:2       Spider (4/4) Lair:3        Slime (0/5) Lair:4
    Orc (2/2) D:10            Elf (3/3) Orc:2        Vaults (5/5) D:13
  Crypt (3/3) Vaults:2       Tomb (1/3) Crypt:3      Depths (4/4) D:15
    Zot (5/5) Depths:4     Bailey (visited)         Volcano (visited)

Altars:
Ashenzari
Cheibriados
Dithmenos
Elyvilon
Fedhas
Gozag
Hepliaklqana
Kikubaaqudgha
Makhleb
Nemelex Xobeh
Okawaru
Qazlal
Ru
Sif Muna
Trog
Uskayaw
Vehumet
Wu Jian
Xom
Yredelemnul
Zin
The Shining One

Shops:
D:4 [   Orc:2 [(![   Elf:1 [?((*   Elf:3 (   Shoals:1 =   Vaults:4 *!   Zot:5 *
Depths:2 *:   Depths:3 [   Depths:4 ?

Portals:
Hell: Depths:1 Depths:2 Depths:3 Depths:4
Abyss: Depths:3 Depths:4
Pandemonium: Depths:2
Ziggurat: Depths:2


Innate Abilities, Weirdness & Mutations

You are completely covered in rugged brown scales. (AC +3, +7% HP)
Armour fits poorly on your strangely shaped body.
You have a long armoured tail.
You roll when moving toward enemies. (Rampage)
Your long tongue fully drains potion bottles. (2x potion effects)
Your tongue gives you trouble enunciating. (1.5x scroll delay)
You have sharp toenails.
Your system is resistant to poisons. (rPois)
You occasionally lose the ability to read scrolls when taking damage.


Message History

An Orb Guardian comes into view.
There is a stone staircase leading up here.
You fly upwards.
There is a stone staircase leading down, spattered with blood here.
(D) Dungeon (T) Temple (L) Lair (A) Shoals (N) Spider Nest (M) Slime Pits (O) Orcish Mines (E) Elven Halls (V) Vaults (C) Crypt (W) Tomb (U) Depths (H) Hell (Z) Zot
Where to? (Enter - D:1 @ (x,y), ? - help)
A blizzard demon comes into view.
The blizzard demon moves out of view.
There is a stone staircase leading up here.
You fly upwards.
There is a stone staircase leading down here.
(D) Dungeon (T) Temple (L) Lair (A) Shoals (N) Spider Nest (M) Slime Pits (O) Orcish Mines (E) Elven Halls (V) Vaults (C) Crypt (W) Tomb (U) Depths (H) Hell (Z) Zot
Where to? (Enter - D:1 @ (x,y), ? - help)
There is an open door here.
You see here a potion of degeneration.
You see here a +0 animal skin.
You reach down and open the door.
There is an open door here.
There is a stone staircase leading up here.
You fly upwards.
There is a stone staircase leading down here.
An orange demon comes into view.
The orange demon screeches!
The bolt of lightning hits the orange demon!!!
You kill the orange demon!
(D) Dungeon (T) Temple (L) Lair (A) Shoals (N) Spider Nest (M) Slime Pits (O) Orcish Mines (E) Elven Halls (V) Vaults (C) Crypt (W) Tomb (U) Depths (H) Hell (Z) Zot
Where to? (Enter - D:1 @ (x,y), ? - help)
Your extra speed is starting to run out.
You feel yourself slow down.
There is a stone staircase leading up here.
You fly upwards.
Level annotation: 14.9 throwing, thrower
There is a stone staircase leading down here.
Magic restored.
There is an open door here.
There is a staircase leading out of the dungeon here.
Annotate which branch? (. - D:1, ? - help, ! - show branch list) Current level annotation: 14.9 throwing, thrower New annotation for D:1 (include '!' for warning): Cleared annotation.
You have escaped!

.# #......###.'....# #.# #.# .#
#.###.#..#'#....# #.# #.# .# #.#
#......#+#### #.# #.# .# #.#
####.......## #.# #.# ## #.#
#'##.....###.# #.# #
#.######..####....#.# #.# #
#..)...#..####'#....# #.# #
######.#..##...####.######.#
##.#..##.@.####........###
#..##########.............
#......# ###.##########
#......#######............
########.##.............#########
..†......############...#
########## #####


There were no monsters in sight!

Vanquished Creatures
  2 ancient liches (Zot:5)
  7 orbs of fire
  A juggernaut (Depths:4)
  The ghost of Inony the Crack Shot, a master FoHu of Okawaru (Vaults:2)
  4 Killer Klowns
  A curse toe (Zot:3)
  5 golden dragons
  2 profane servitors (Crypt:2)
  Nikola (Vaults:1)
  the Enchantress (Depths:4)
  A bone dragon (Depths:4)
  Arachne (Spider:3)
  A Brimstone Fiend (D:15)
  2 electric golems (Zot:5)
  A hellephant (D:14)
  A Tzitzimitl (Depths:2)
  3 doom hounds (Crypt:2)
  26 Orb Guardians
  12 tentacled monstrosities
  3 liches
  3 deep elf blademasters
  2 deep elf master archers (Elf:3)
  Grunn (Crypt:2)
  2 Executioners (Depths:2)
  2 titans
  6 death cobs
  11 ancient champions
  Polyphemus (Shoals:2)
  3 quicksilver dragons
  13 sphinxes
  Gastronok (Lair:3)
  8 tengu reavers
  Kirke (Lair:5)
  13 storm dragons
  6 draconian monks
  Ilsuiw (Shoals:3)
  Aizul (Shoals:4)
  2 revenants
  2 iron dragons
  11 fire giants
  8 shadow dragons
  19 vault wardens
  An emperor scorpion (shapeshifter) (Vaults:5)
  6 deep elf sorcerers
  8 draconian knights
  7 frost giants
  6 draconian scorchers
  An emperor scorpion (Spider:4)
  A spectral caustic shrike (Depths:2)
  7 curse skulls
  8 ghost moths
  Louise (Depths:3)
  5 draconian shifters
  8 ghouls
  4 deep elf elementalists (Elf:3)
  10 draconian stormcallers
  An orc warlord (Vaults:1)
  3 spriggan defenders (Depths:4)
  7 draconian annihilators
  19 ironbound preservers
  5 reapers
  A formless jellyfish (Vaults:4)
  2 green draconians (Zot:1)
  2 juggernaut skeletons (Depths:2)
  A cacodemon (Depths:2)
  3 war gargoyles
  18 stone giants
  14 very ugly things
  12 ironbound thunderhulks
  6 vampire knights
  3 deep elf demonologists
  Azrael (D:15)
  12 black draconians
  6 yellow draconians
  2 lorocyprocas
  5 bennus (Tomb:1)
  5 purple draconians
  2 white draconians (Zot:5)
  11 red draconians
  2 dire elephants (Vaults:1)
  2 spark wasps
  7 deep elf annihilators
  5 mummy priests
  Snorg (Orc:1)
  3 eidola (Crypt:3)
  8 merfolk impalers
  10 deep elf death magi
  4 fire dragons
  5 ettins
  A crystal guardian (Vaults:4)
  Josephine (D:12)
  13 jiangshi
  4 great orbs of eyes
  4 deep elf high priests
  Fannar (Lair:3)
  7 merfolk javelineers
  7 entropy weavers
  33 vault guards
  21 yaktaur captains
  2 rakshasas
  6 ice dragons
  5 spriggan air magi
  A spectral sphinx (Depths:2)
  A spriggan skeleton (Crypt:3)
  Harold (D:10)
  A catoblepas (Shoals:2)
  9 hydras
  A juggernaut simulacrum (Depths:2)
  The ghost of Wupi the Nimble, a journeyman DECj of Sif Muna (D:13)
  2 peacekeepers
  2 fenstrider witch zombies (Crypt:3)
  4 merfolk avatars
  4 jorogumos
  3 ogre magi (Vaults:5)
  A spectral frost giant (Depths:2)
  7 centaur warriors
  7 ironbound frosthearts
  A radroach (Spider:1)
  5 two-headed ogres
  A boulder beetle (D:14)
  An alligator snapping turtle (Shoals:4)
  32 dancing weapons
  4 death knights
  10 deep troll earth magi
  An Orb Guardian skeleton (Crypt:3)
  5 satyrs
  A titan zombie (Crypt:3)
  4 merfolk aquamancers
  5 deep troll shamans
  11 death scarabs
  5 orc high priests (Orc:2)
  4 tengu warriors
  12 vampire magi
  8 death yaks
  7 spriggan berserkers
  A shock serpent (shapeshifter) (D:14)
  A spectral emperor scorpion (Spider:4)
  A bennu skeleton (Crypt:3)
  6 demonic crawlers
  The ghost of baljet the Nimble, a journeyman FeSu of Gozag (Lair:1)
  9 hell knights
  6 soul eaters
  21 deep elf knights
  A titan skeleton (Depths:2)
  10 iron trolls
  7 skysharks
  Amaemon (D:10)
  A sun moth (Spider:2)
  2 sixfirhies
  26 skeletal warriors
  2 storm dragon skeletons (Depths:2)
  A shadow demon (Depths:1)
  6 shadow wraiths
  A deep troll (shapeshifter) (D:9)
  16 orb spiders
  A salamander mystic (Depths:3)
  8 sea snakes
  A golden dragon zombie (Crypt:3)
  A cherub (Depths:4)
  A swamp dragon (shapeshifter) (Elf:2)
  6 glowing orange brains
  9 pharaoh ants
  47 deep trolls
  15 deep elf archers
  A spriggan simulacrum (Crypt:2)
  2 obsidian statues (Zot:5)
  7 flayed ghosts
  5 wizards
  A bog body (Crypt:2)
  17 ironbound convokers
  A tengu zombie (Depths:2)
  A harpy (shapeshifter) (Elf:1)
  8 phantasmal warriors
  Pikel (D:4)
  12 orc knights
  2 shadow dragon zombies (Depths:2)
  30 deep elf zephyrmancers
  4 steelbarb worms
  3 spectral wolf spiders (Spider:4)
  2 iron dragon zombies
  15 wolf spiders
  8 necromancers
  2 lindwurms (Vaults:4)
  27 deep elf pyromancers
  21 harpies
  4 salamanders
  A frost giant zombie (Crypt:3)
  18 manticores
  2 sphinx skeletons (Depths:2)
  35 ugly things
  7 fauns
  The ghost of Sapher the Insei, a novice OpSh of Cheibriados (D:9)
  2 orc sorcerers
  A tengu skeleton (Depths:2)
  2 frost giant skeletons
  7 cyclopes
  A black mamba (shapeshifter) (Depths:4)
  13 moths of wrath
  3 black mambas
  5 centaur zombies
  A naga zombie (Crypt:3)
  15 merfolk sirens
  31 elephants
  An ice statue (Shoals:4)
  2 orange demons
  2 naga magi (D:15)
  3 torpor snails (Spider:2)
  4 water nymphs (Shoals:4)
  A titan simulacrum (Depths:2)
  A gargoyle (D:12)
  3 unseen horrors
  8 cane toads
  16 vault sentinels
  A cane toad (shapeshifter) (D:9)
  A storm dragon simulacrum (Depths:2)
  A yaktaur (shapeshifter) (Vaults:5)
  7 rime drakes
  39 yaktaurs
  10 komodo dragons
  A bunyip simulacrum (Crypt:3)
  7 freezing wraiths
  A redback zombie (Spider:4)
  2 efreet (D:13)
  2 tormentors (Depths:2)
  3 tengu conjurers
  A death yak skeleton (Crypt:3)
  A spectral glowing shapeshifter (Depths:2)
  13 guardian mummies
  A queen bee (Spider:4)
  14 wind drakes
  39 merfolk
  A hydra zombie (Crypt:2)
  A harpy zombie (Crypt:3)
  A polar bear (shapeshifter) (Elf:3)
  A pale draconian skeleton (Crypt:1)
  6 meliai (Spider:4)
  7 trolls
  3 polar bears
  A hellwing (Depths:2)
  4 spectral jumping spiders (Spider:4)
  6 spectral tarantellas (Spider:4)
  A harpy skeleton (Crypt:2)
  16 tarantellas
  11 hornets
  2 tengu simulacra (Depths:2)
  An ettin zombie (Crypt:1)
  A snapping turtle (shapeshifter) (Vaults:5)
  5 snapping turtles
  2 dream sheep (Shoals:4)
  21 blink frogs
  A stone giant simulacrum (Vaults:4)
  2 jumping spider zombies (Spider:4)
  A fire giant simulacrum (Depths:2)
  9 flying skulls
  3 vampires
  2 air elementals
  A centaur simulacrum (D:13)
  22 slime creatures
  15 water elementals
  31 spriggans
  A shadow (D:13)
  23 jumping spiders
  43 yaks
  14 wraiths
  A slime creature zombie (Crypt:1)
  6 ushabtiu
  17 culicivoras
  An ettin skeleton (Crypt:1)
  2 steam dragons
  A wind drake zombie (Crypt:2)
  6 hogs
  2 basilisks
  5 fire elementals
  A chaos spawn (Depths:2)
  3 fire bats (Volcano)
  A tyrant leech zombie (Crypt:2)
  A golden eye (shapeshifter) (D:12)
  12 vampire mosquitoes
  4 wyverns
  62 redbacks
  2 neqoxecs
  A warg (Vaults:5)
  A harpy simulacrum (Crypt:3)
  3 swamp worms (D:11)
  4 hell hounds
  2 glowing shapeshifter zombies
  3 acid dragons
  An acid dragon (shapeshifter) (D:9)
  Duvessa (D:4)
  16 water moccasins
  41 orc warriors
  7 black bears
  A sky beast (D:6)
  11 centaurs
  9 ogres
  4 boggarts (Lair:5)
  22 wolves
  A lindwurm skeleton (Crypt:2)
  2 lemures (D:4)
  3 phantoms
  A kobold brigand (D:11)
  2 gnoll sergeants
  A rime drake skeleton (Crypt:2)
  9 necrophages
  8 bullfrogs
  3 scorpions
  2 earth elementals
  5 wights (D:8)
  Dowan (D:4)
  16 killer bees (Spider:4)
  A spriggan zombie (Crypt:3)
  4 howler monkeys
  5 electric eels
  A quasit (D:7)
  A wolf skeleton (Crypt:1)
  A human simulacrum (Vaults:4)
  36 orc priests
  3 jellies
  9 hounds
  Ijyb (D:3)
  Terence (D:2)
  4 iguanas
  4 sleepcaps
  Natasha (thrice) (D:3)
  23 orc wizards
  An ogre skeleton (Crypt:3)
  16 mummies (Tomb:1)
  Robin (D:3)
  10 gnolls
  A howler monkey skeleton (Crypt:1)
  5 adders
  A swamp drake zombie (Crypt:2)
  7 shadow imps
  8 white imps
  8 ufetubi
  An iguana zombie (Crypt:2)
  3 worms
  6 dart slugs
  83 orcs
  9 ball pythons
  12 bats
  5 endoplasms
  4 giant cockroaches
  12 goblins
  10 hobgoblins
  7 jackals
  9 kobolds
  5 quokkas
  6 frilled lizards
  A frilled lizard zombie (Crypt:2)
  A goblin zombie (Crypt:2)
  A jackal skeleton (Crypt:3)
  A kobold skeleton (Crypt:2)
  15 rats
2347 creatures vanquished.

Vanquished Creatures (collateral kills)
  An ancient champion (Crypt:3)
  A draconian shifter (Zot:1)
  2 draconian annihilators (Zot:1)
  A bennu (Tomb:1)
  A green draconian (Zot:1)
  A mummy priest (Tomb:1)
  A yaktaur captain (Vaults:5)
  A two-headed ogre (Bailey)
  A guardian mummy (Tomb:1)
  A spriggan (Bailey)
  A mummy (Tomb:1)
12 creatures vanquished.

Vanquished Creatures (others)
  A necromancer (Depths:2)
  2 centaur simulacra
  A warg (Vaults:5)
  An orc warrior (Vaults:5)
  A centaur (Volcano)
6 creatures vanquished.

Grand Total: 2365 creatures vanquished

Notes
Turn   | Place    | Note
-------+----------+-------------------------------------------
     0 | D:1      | Ge0ff the Armataur Venom Mage began the quest for the Orb.
     0 | D:1      | Reached XP level 1. HP: 14/14 MP: 3/3
    53 | D:1      | Reached skill level 1 in Transmutations
   281 | D:1      | Reached XP level 2. HP: 21/21 MP: 1/5
   715 | D:1      | Learned a level 2 spell: Poisonous Vapours
  1106 | D:1      | Reached XP level 3. HP: 26/27 MP: 2/6
  1739 | D:2      | Noticed Terence
  1823 | D:2      | Found a snail-covered altar of Cheibriados.
  1997 | D:2      | Reached skill level 1 in Air Magic
  2849 | D:3      | Noticed Ijyb
  2876 | D:3      | Killed Ijyb
  2877 | D:3      | Reached XP level 4. HP: 31/35 MP: 2/7
  3744 | D:3      | Noticed Natasha
  3750 | D:3      | Killed Natasha
  3751 | D:3      | Reached skill level 1 in Fighting
  4090 | D:3      | Reached XP level 5. HP: 42/42 MP: 2/8
  4256 | D:3      | Found a sparkling altar of Nemelex Xobeh.
  4554 | D:3      | Found a burning altar of Makhleb.
  4563 | D:3      | Found an opulent altar of Gozag.
  4593 | D:4      | Found Riocysuo's Antique Armour Shoppe.
  4661 | D:3      | Learned a level 3 spell: Mephitic Cloud
  4686 | D:3      | Noticed Robin
  4711 | D:3      | Noticed Natasha
  4722 | D:3      | Killed Natasha
  4740 | D:3      | Killed Robin
  4788 | D:3      | Noticed Natasha
  4846 | D:3      | Killed Natasha
  4847 | D:3      | Reached skill level 1 in Conjurations
  5135 | D:3      | Found a burning altar of Makhleb.
  5366 | D:3      | Found a sparkling altar of Nemelex Xobeh.
  5435 | D:3      | Found an opulent altar of Gozag.
  5552 | D:3      | Reached XP level 6. HP: 50/50 MP: 4/10
  7615 | D:2      | Killed Terence
  7696 | D:2      | Found a snail-covered altar of Cheibriados.
  8156 | D:4      | Reached XP level 7. HP: 36/55 MP: 1/11
  8434 | D:4      | Identified the +8 sling "Qitrufo" {antimagic, rCorr}
  8582 | D:4      | Found a radiant altar of Vehumet.
  8622 | D:4      | Noticed Dowan
  8622 | D:4      | Noticed Duvessa
  8644 | D:4      | Learned a level 4 spell: Olgreb's Toxic Radiance
  8668 | D:4      | Killed Duvessa
  8669 | D:4      | Reached skill level 1 in Evocations
  8860 | D:4      | Killed Dowan
  9076 | D:4      | Found Riocysuo's Antique Armour Shoppe.
  9349 | D:4      | Found a radiant altar of Vehumet.
  9616 | D:5      | Entered Level 5 of the Dungeon
  9764 | D:5      | Noticed Pikel
  9773 | D:5      | Reached skill level 5 in Poison Magic
 10274 | D:4      | Killed Pikel
 10275 | D:4      | Reached XP level 8. HP: 12/63 MP: 0/12
 11313 | D:5      | Identified the +9 whip of True Grit {flame, rPois Int+3}
 11365 | D:5      | Learned a level 2 spell: Scorch
 11492 | D:5      | Identified the ring "Timp" {rC+ rN++ Int-4 Dex+3 SInv}
 11549 | D:5      | Reached skill level 1 in Fire Magic
 11781 | D:5      | Found a staircase to the Ecumenical Temple.
 11974 | Temple   | Entered the Ecumenical Temple
 12086 | D:6      | Identified the +4 ring mail of Honour {Rampage rF++}
 12332 | D:6      | Found a glowing golden altar of the Shining One.
 13320 | D:6      | Reached XP level 9. HP: 68/68 MP: 14/14
 13633 | D:7      | Found a shimmering altar of Xom.
 13633 | D:7      | Found a broken altar of Ashenzari.
 13633 | D:7      | Found a sacrificial altar of Ru.
 13640 | D:7      | Became a worshipper of Ashenzari the Shackled
 13801 | D:7      | Found a flagged portal.
 13813 | Bailey   | Entered a bailey
 14048 | Bailey   | Noticed a two-headed ogre
 14060 | Bailey   | Killed a two-headed ogre
 14061 | Bailey   | Reached skill level 5 in Spellcasting
 14061 | Bailey   | Reached skill level 5 in Fire Magic
 14267 | Bailey   | Reached XP level 10. HP: 54/75 MP: 11/17
 14308 | Bailey   | Identified the +8 rapier of Sudden Death {spect, rN+++
                  | Int+2}
 15691 | D:7      | Identified 2 scrolls of acquirement
 15694 | D:7      | Acquired the +0 hat of the Arcane {Int+7}
 15707 | D:7      | Acquired the Incunabulum of Baleful Lava
 16063 | D:7      | Identified the +0 scale mail of Diatusch {Rampage Dex+4}
 17417 | D:7      | Reached skill level 5 in Evocations
 17658 | D:8      | Reached * piety under Ashenzari
 17814 | D:8      | Found a staircase to the Lair.
 18280 | D:8      | Found a staircase to the Lair.
 18629 | D:9      | Learned a level 5 spell: Fireball
 19021 | D:9      | Reached XP level 11. HP: 84/87 MP: 10/21
 19042 | D:9      | Reached skill level 5 in Conjurations
 19244 | D:9      | Found a runed translucent gate.
 19244 | D:9      | Found a runed translucent gate.
 19244 | D:9      | Found a runed translucent gate.
 19244 | D:9      | Noticed a white ugly thing
 19244 | D:9      | Noticed a glowing orange brain
 19244 | D:9      | Noticed a purple ugly thing
 19247 | D:9      | Noticed a purple ugly thing
 19251 | D:9      | Noticed a white ugly thing
 19251 | D:9      | Noticed a purple ugly thing
 19679 | D:10     | Entered Level 10 of the Dungeon
 19701 | D:10     | Noticed a deep elf pyromancer
 19898 | D:10     | Reached ** piety under Ashenzari
 19918 | D:10     | Killed a deep elf pyromancer
 19919 | D:10     | Reached skill level 1 in Armour
 20039 | D:10     | Noticed Harold
 20049 | D:10     | Killed Harold
 20301 | D:10     | Found an opulent altar of Gozag.
 20667 | D:10     | Noticed a tengu warrior
 20667 | D:10     | Noticed a tengu warrior
 20677 | D:10     | Killed a tengu warrior
 20685 | D:10     | Killed a tengu warrior
 20857 | D:10     | Noticed Amaemon
 20863 | D:10     | Killed Amaemon
 20864 | D:10     | Reached skill level 5 in Fighting
 21416 | D:10     | Found an ancient bone altar of Kikubaaqudgha.
 21629 | D:10     | Found a staircase to the Orcish Mines.
 22454 | D:11     | Noticed a demonic crawler
 22560 | D:11     | Killed a demonic crawler
 22577 | D:11     | Reached XP level 12. HP: 99/107 MP: 1/24
 23360 | D:11     | Identified the +2 quick blade of Xiyntur {heavy, *Rage
                  | Will+ Int+3 Dex+9}
 24188 | Lair:1   | Entered Level 1 of the Lair of Beasts
 25008 | Lair:1   | Found a transporter.
 25027 | Lair:1   | Found a transporter.
 25028 | Lair:1   | Noticed baljet's ghost (journeyman FeSu)
 25071 | Lair:1   | Found a bloodstained altar of Trog.
 26340 | Lair:1   | Reached *** piety under Ashenzari
 26589 | Lair:2   | Reached skill level 1 in Shields
 27116 | Lair:2   | Reached **** piety under Ashenzari
 27586 | Lair:2   | Reached XP level 13. HP: 114/114 MP: 15/26
 27789 | Lair:2   | Found a staircase to the Shoals.
 28564 | Lair:2   | Found a staircase to the Shoals.
 29115 | Lair:3   | Learned a level 6 spell: Plasma Beam
 29190 | Lair:3   | Found a dark tunnel.
 29230 | Volcano  | Entered a volcano
 29534 | Volcano  | Reached skill level 5 in Air Magic
 29920 | Lair:3   | Noticed Fannar
 30001 | Lair:3   | Killed Fannar
 30134 | Lair:3   | Found a hole to the Spider Nest.
 30474 | Lair:3   | Noticed Gastronok
 30475 | Lair:3   | Reached ***** piety under Ashenzari
 30481 | Lair:3   | Killed Gastronok
 31641 | Lair:4   | Found a staircase to the Slime Pits.
 33848 | Lair:4   | Found a staircase to the Slime Pits.
 34334 | Lair:5   | Entered Level 5 of the Lair of Beasts
 34510 | Lair:5   | Reached XP level 14. HP: 94/126 MP: 10/29
 35043 | Lair:5   | Reached skill level 10 in Fire Magic
 35323 | Lair:5   | Reached skill level 10 in Air Magic
 36645 | Lair:5   | Reached skill level 10 in Conjurations
 37633 | Lair:5   | Noticed Kirke
 38032 | Lair:5   | Reached ****** piety under Ashenzari
 38701 | Lair:5   | Killed Kirke
 38966 | Lair:5   | Upgraded the game from 0.31-a0-331-geda263fcf1 to
                  | 0.31-a0-339-gda1cbd555d
 39595 | Lair:5   | Identified Zeticuamoa's Incunable of the Iceberg and
                  | Therianthropy
 40653 | Orc:1    | Entered Level 1 of the Orcish Mines
 41375 | Orc:1    | Noticed Snorg
 41379 | Orc:1    | Killed Snorg
 41964 | Orc:2    | Entered Level 2 of the Orcish Mines
 42818 | Orc:2    | Found a staircase to the Elven Halls.
 43682 | Orc:2    | Reached XP level 15. HP: 139/139 MP: 2/31
 43848 | Orc:2    | Learned a level 5 spell: Arcjolt
 45269 | Orc:2    | Found Kiova's Armour Shop.
 45269 | Orc:2    | Found Egrybbee's Antique Armour Shop.
 45271 | Orc:2    | Found Unafaezo's Distillery.
 45271 | Orc:2    | Found Gibur's Weapon Boutique.
 45285 | Orc:2    | Bought a potion of magic for 104 gold pieces
 45285 | Orc:2    | Bought a potion of haste for 130 gold pieces
 45285 | Orc:2    | Bought a potion of haste for 130 gold pieces
 45285 | Orc:2    | Bought a potion of heal wounds for 65 gold pieces
 46204 | D:12     | Noticed Josephine
 46210 | D:12     | Killed Josephine
 46717 | D:12     | Found the ring of the Octopus King {HP+2 AC+2 EV+2 SH+2
                  | SInv}
 47186 | D:12     | Identified the Commentary on Frost and the Evil Eye
 47186 | D:12     | Identified the Octavo of Blistering Wanderlust
 47207 | D:12     | Learned a level 2 spell: Passwall
 47630 | D:13     | Found a runed translucent door.
 47803 | D:12     | Learned a level 4 spell: Iskenderun's Mystic Blast
 47948 | D:13     | Reached skill level 1 in Translocations
 47948 | D:13     | Reached skill level 1 in Earth Magic
 47957 | D:13     | Learned a level 5 spell: Yara's Violent Unravelling
 48032 | D:13     | Noticed Wupi's ghost (journeyman DECj)
 48136 | D:13     | Identified the +11 spear "Hybim" {freeze, rPois}
 48285 | D:13     | Noticed a fire giant
 48347 | D:13     | Killed a fire giant
 48475 | D:13     | Reached skill level 1 in Hexes
 49168 | D:13     | Found a runed translucent door.
 49176 | D:13     | Found a gate to the Vaults.
 49281 | D:13     | Noticed a tengu reaver
 49289 | D:13     | Killed a tengu reaver
 49467 | D:13     | Noticed a sphinx
 49468 | D:13     | Noticed a lich
 50882 | D:15     | Entered Level 15 of the Dungeon
 51150 | D:15     | Noticed Azrael
 51232 | D:15     | Killed Azrael
 51357 | D:15     | Reached XP level 16. HP: 153/153 MP: 27/34
 52096 | D:15     | Found a staircase to the Depths.
 52259 | D:15     | Found a portal to a secret trove of treasure.
 52611 | Spider:1 | Entered Level 1 of the Spider Nest
 56577 | Spider:3 | Noticed Arachne
 56585 | Spider:3 | Killed Arachne
 59394 | Spider:4 | Entered Level 4 of the Spider Nest
 60359 | Spider:4 | Reached XP level 17. HP: 162/162 MP: 24/36
 60910 | Spider:4 | Reached skill level 1 in Throwing
 64465 | Spider:4 | Reached skill level 5 in Throwing
 66230 | Spider:4 | Got a gossamer rune of Zot
 66855 | Shoals:1 | Entered Level 1 of the Shoals
 68646 | Shoals:1 | Found Weivyt's Jewellery Shop.
 69110 | Shoals:1 | Reached skill level 10 in Spellcasting
 69511 | Shoals:1 | Found Weivyt's Jewellery Shop.
 70018 | Lair:1   | Killed baljet's ghost
 71922 | Shoals:2 | Noticed Polyphemus
 71930 | Shoals:2 | Killed Polyphemus
 72300 | Shoals:2 | Reached skill level 10 in Throwing
 72364 | Shoals:2 | Reached XP level 18. HP: 165/165 MP: 9/37
 73853 | D:15     | You paid a toll of 6 scrolls of fear to enter a treasure
                  | trove
 73854 | Trove    | Entered a treasure trove
 73861 | Trove    | Identified the Encyclopedia of Hexes
 73862 | Trove    | Identified Sif Muna's Vademecum on Translocational Curses
 73883 | Trove    | Identified Sif Muna's Anthology of the Evil Eye and the
                  | Pyromaniac
 73884 | Trove    | Identified Sif Muna's Further Progress in Incantation
 73889 | Trove    | Acquired the amulet "Dafen" {rF+ Regen+}
 73937 | Trove    | Learned a level 1 spell: Apportation
 73940 | Trove    | Learned a level 2 spell: Blink
 75514 | Shoals:3 | Noticed Ilsuiw
 76140 | Shoals:3 | Killed Ilsuiw
 78129 | Shoals:4 | Entered Level 4 of the Shoals
 78129 | Shoals:4 | Identified the +3 rapier "Tifitiru" {heavy, rPois Dex+2
                  | Stlth+}
 78133 | Shoals:4 | Noticed Aizul
 78267 | Shoals:4 | Killed Aizul
 78859 | Shoals:4 | Found a frozen archway.
 81768 | Shoals:4 | Got a barnacled rune of Zot
 82327 | D:9      | Found a runed translucent gate.
 82327 | D:9      | Found a runed translucent gate.
 82344 | D:9      | Found a runed translucent gate.
 82344 | D:9      | Noticed Sapher's ghost (novice OpSh)
 82355 | D:9      | Killed Sapher's ghost
 83061 | D:13     | Killed a lich
 83335 | D:13     | Killed Wupi's ghost
 83766 | D:13     | Found a gate to the Vaults.
 84022 | Elf:1    | Entered Level 1 of the Elven Halls
 84359 | Elf:1    | Paralysed by an air elemental for 1 turns
 84373 | Elf:1    | Reached XP level 19. HP: 164/171 MP: 13/37
 84692 | Elf:1    | Found Alaeferi's Magic Scroll Shoppe.
 85364 | Elf:1    | Found Beplove's Antique Weapon Shop.
 85433 | Elf:1    | Found Sicoopp's General Store.
 85440 | Elf:1    | Bought 2 potions of haste for 320 gold pieces
 85440 | Elf:1    | Bought a scroll of teleportation for 48 gold pieces
 85440 | Elf:1    | Bought a wand of roots (5) for 192 gold pieces
 85495 | Elf:1    | Found Sopiun's Antique Weapon Boutique.
 85734 | Elf:1    | Found Pariph's Antique Armour Shoppe.
 86451 | Elf:1    | Found Pariph's Antique Armour Shoppe.
 86550 | Elf:1    | Found Alaeferi's Magic Scroll Shoppe.
 86701 | Elf:1    | Found Beplove's Antique Weapon Shop.
 86718 | Elf:1    | Found Sicoopp's General Store.
 86761 | Elf:1    | Found Sopiun's Antique Weapon Boutique.
 88158 | Elf:2    | Found a runed translucent gate.
 88159 | Elf:2    | Found a runed translucent gate.
 88159 | Elf:2    | Found a runed translucent gate.
 90794 | Elf:3    | Entered Level 3 of the Elven Halls
 91674 | Elf:3    | Found Kumelukh's Weapon Shop.
 91882 | Elf:3    | Identified the +9 great mace "Halasomasa" {speed, rPois rN+
                  | Dex-5}
 91882 | Elf:3    | Identified the ring "Fohupn" {AC+4 Int-5 Slay+4}
 93317 | Elf:3    | Found Kumelukh's Weapon Shop.
 93435 | Elf:3    | Identified the +3 falchion of the Hills {antimagic, Int+3
                  | Dex+4}
 94116 | Elf:3    | Identified the +5 dire flail of the Dwarven Hall {drain,
                  | rF+ rCorr}
 94120 | Elf:3    | Reached XP level 20. HP: 182/182 MP: 15/39
 94562 | Elf:3    | Identified the +3 quarterstaff of Zustrupnu {drain, Contam
                  | Str+5 Dex+4}
 94894 | Elf:3    | Identified the staff "Ebuuffon" {rF+ rC+ rN+ rCorr Dex+3
                  | Ice}
 94897 | Elf:3    | Identified the staff of Bodily Humours {+Blink Conj}
 95323 | Shoals:1 | Bought a ring of willpower for 375 gold pieces
 95335 | Shoals:1 | Learned a level 8 spell: Maxwell's Capacitive Coupling
 95778 | Vaults:1 | Entered Level 1 of the Vaults
 95793 | Vaults:1 | Found a flickering gateway to a bazaar.
 95802 | Bazaar   | Entered a bazaar
 95802 | Bazaar   | Found Qeretegu's Weapon Shoppe.
 95802 | Bazaar   | Found Utae's Book Shop.
 95802 | Bazaar   | Found Jakiruho's Jewellery Shoppe.
 95804 | Bazaar   | Found Soudgh's Magic Scroll Emporium.
 95869 | Bazaar   | Bought a scroll of revelation for 90 gold pieces
 95869 | Bazaar   | Bought a scroll of revelation for 90 gold pieces
 95869 | Bazaar   | Bought a scroll of vulnerability for 48 gold pieces
 95869 | Bazaar   | Bought a scroll of poison for 48 gold pieces
 95869 | Bazaar   | Bought a scroll of enchant armour for 90 gold pieces
 96460 | Vaults:1 | Identified the +0 chain mail of Uka Eppyd {*Slow rPois
                  | rCorr Stlth+}
 96723 | Vaults:1 | Noticed Nikola
 96733 | Vaults:1 | Killed Nikola
100957 | Vaults:2 | Found a staircase to the Crypt.
100957 | Vaults:2 | Found a basalt altar of Yredelemnul.
100958 | Vaults:2 | Found an ancient bone altar of Kikubaaqudgha.
101705 | Vaults:2 | Noticed Inony's ghost (master FoHu)
101706 | Vaults:2 | Found a runed translucent door.
101706 | Vaults:2 | Found a shimmering altar of Xom.
101706 | Vaults:2 | Identified the +6 demon blade "Yrhag" {chaos, Dex+2 Stlth+}
101769 | Vaults:2 | Killed Inony's ghost
102535 | Vaults:2 | Found a staircase to the Crypt.
102535 | Vaults:2 | Found a basalt altar of Yredelemnul.
102536 | Vaults:2 | Found an ancient bone altar of Kikubaaqudgha.
103477 | Vaults:3 | Reached XP level 21. HP: 189/190 MP: 16/42
104682 | Vaults:3 | Identified the +5 quarterstaff of Kuiwearo {speed, Drain
                  | rElec Will+}
106539 | Vaults:4 | Found Egacebomp's Distillery.
106547 | Vaults:4 | Bought a potion of heal wounds for 75 gold pieces
106547 | Vaults:4 | Bought a potion of ambrosia for 120 gold pieces
106547 | Vaults:4 | Bought a potion of invisibility for 120 gold pieces
106547 | Vaults:4 | Bought a potion of curing for 45 gold pieces
106947 | Vaults:4 | Found Cuafedecwo's Assorted Antiques.
106950 | Vaults:4 | Bought a scroll of poison for 140 gold pieces
107260 | Vaults:4 | Reached skill level 5 in Armour
107772 | Vaults:4 | Reached skill level 10 in Fighting
108582 | Crypt:1  | Entered Level 1 of the Crypt
108866 | Crypt:1  | Learned a level 4 spell: Dispel Undead
109252 | Crypt:1  | Reached skill level 1 in Necromancy
113434 | Crypt:2  | Noticed Grunn
113438 | Crypt:2  | Killed Grunn
114536 | Crypt:2  | Reached XP level 22. HP: 204/204 MP: 24/43
114540 | Crypt:2  | Reached skill level 5 in Necromancy
115102 | Crypt:3  | Entered Level 3 of the Crypt
118840 | Crypt:3  | Learned a level 2 spell: Sublimation of Blood
119101 | Crypt:3  | Found a staircase to the Tomb.
119264 | Crypt:3  | Found a basalt altar of Yredelemnul.
119268 | Crypt:3  | Found an ancient bone altar of Kikubaaqudgha.
119381 | Crypt:3  | Learned a level 5 spell: Irradiate
119724 | Crypt:3  | Found a basalt altar of Yredelemnul.
119727 | Crypt:3  | Found an ancient bone altar of Kikubaaqudgha.
120055 | Crypt:3  | Found a staircase to the Tomb.
120072 | Tomb:1   | Entered Level 1 of the Tomb of the Ancients
122467 | Depths:1 | Entered Level 1 of the Depths
123394 | Depths:1 | Noticed a golden dragon
123396 | Depths:1 | Killed a golden dragon
123579 | Depths:1 | Identified the +9 plate armour "Pujutsej" {rF+}
123805 | Depths:1 | Noticed a golden dragon
123808 | Depths:1 | Killed a golden dragon
123871 | Depths:1 | Reached XP level 23. HP: 203/220 MP: 27/44
124495 | Depths:1 | Found a gateway to Hell.
124528 | Depths:1 | Learned a level 3 spell: Swiftness
125422 | Depths:2 | Reached skill level 5 in Shields
125669 | Depths:2 | Found a stormy altar of Qazlal.
125732 | Depths:2 | Found an ancient bone altar of Kikubaaqudgha.
125816 | Depths:2 | Gained mutation: You are clumsy. (Dex -2) [a cacodemon]
125817 | Depths:2 | Gained mutation: You occasionally lose the ability to drink
                  | potions when taking damage. [a neqoxec]
125819 | Depths:2 | Gained mutation: Potions are less effective at restoring
                  | your health. [a cacodemon]
125965 | Depths:2 | Found Pesoepn's General Store.
125993 | Depths:2 | Bought a scroll of blinking for 127 gold pieces
125993 | Depths:2 | Bought the +0 mask of the Dragon {Will+ Slay+3 SInv} for
                  | 567 gold pieces
125993 | Depths:2 | Found the +0 mask of the Dragon {Will+ Slay+3 SInv}
125993 | Depths:2 | Bought a wand of mindburst (7) for 166 gold pieces
126059 | Depths:2 | Found a shimmering altar of Xom.
126280 | Depths:2 | Reached skill level 10 in Necromancy
126341 | Depths:2 | Found a one-way gateway to a ziggurat.
126354 | Depths:2 | Found Pakhugg's One-of-a-Kind Books.
126611 | Depths:2 | Found a one-way gate leading to the halls of Pandemonium.
126865 | Depths:2 | Identified the ring "Cidimn" {Fly rPois}
127154 | Depths:2 | Identified the +7 dagger "Katwalee" {spect, rF+}
127518 | Depths:2 | Identified the +2 war axe of the Cursing Gods {flame,
                  | Dex+3}
127695 | Depths:2 | Found Dairio's General Store.
128281 | Depths:3 | Reached skill level 10 in Armour
128361 | Depths:3 | Noticed Louise
128364 | Depths:3 | Killed Louise
128406 | Depths:3 | Found a one-way gate to the infinite horrors of the Abyss.
128769 | Depths:3 | Found Walagh's Armour Shop.
128777 | Depths:3 | Bought a +2 pair of gloves for 198 gold pieces
129612 | Depths:4 | Entered Level 4 of the Depths
129747 | Depths:4 | Found Cimpeixi's Magic Scroll Emporium.
129753 | Depths:4 | Bought a scroll of teleportation for 30 gold pieces
129753 | Depths:4 | Bought a scroll of poison for 40 gold pieces
129753 | Depths:4 | Bought a scroll of teleportation for 30 gold pieces
129753 | Depths:4 | Bought a scroll of vulnerability for 40 gold pieces
129753 | Depths:4 | Bought a scroll of teleportation for 30 gold pieces
129753 | Depths:4 | Bought a scroll of revelation for 75 gold pieces
129909 | Depths:4 | Noticed a juggernaut
129914 | Depths:4 | Killed a juggernaut
130699 | Depths:4 | Reached XP level 24. HP: 233/233 MP: 33/45
130728 | Depths:4 | Noticed the Enchantress
130734 | Depths:4 | Killed the Enchantress
130998 | Depths:4 | Reached skill level 5 in Dodging
131613 | Depths:4 | Found a gate to the Realm of Zot.
132121 | Depths:4 | Found Cimpeixi's Magic Scroll Emporium.
132372 | Depths:4 | Found a gate to the Realm of Zot.
132803 | Vaults:5 | Entered Level 5 of the Vaults
133001 | Vaults:5 | Identified the amulet "Imiamn" {Reflect rC++ SH+5}
133031 | Vaults:5 | Reached skill level 10 in Evocations
133876 | Vaults:5 | Identified the amulet of Evvubez {Acrobat Int+3}
134137 | Vaults:5 | Identified the +5 robe "Jutz" {Fly rF+}
134200 | Vaults:5 | Learned a level 7 spell: Spellforged Servitor
134416 | Vaults:5 | Reached skill level 1 in Summonings
134850 | Vaults:5 | Identified the staff of Spite {Fragile rC+ Str+5 Ice}
134988 | Vaults:5 | Identified the staff of Ge0ff's Extinguishment {Int+3
                  | Earth}
134989 | Vaults:5 | Identified the +10 orcbow "Evisaa" {speed, rN+}
134998 | Vaults:5 | Got a silver rune of Zot
135238 | Vaults:5 | Reached skill level 10 in Shields
135297 | Vaults:5 | Identified the staff "Xesy" {rPois rN+ Necro}
135832 | Orc:2    | Bought a potion of mutation for 104 gold pieces
135832 | Orc:2    | Bought 2 potions of ambrosia for 208 gold pieces
135832 | Orc:2    | Bought a potion of curing for 39 gold pieces
135832 | Orc:2    | Bought a potion of cancellation for 104 gold pieces
135832 | Orc:2    | Bought a potion of enlightenment for 65 gold pieces
136070 | Shoals:1 | Bought the ring of Xalasm {+Blink rElec rCorr Str-4 SInv}
                  | for 552 gold pieces
136452 | Zot:1    | Entered Level 1 of the Realm of Zot
136897 | Zot:1    | Identified the Monograph on Oromancy and Misfortune
137167 | Zot:1    | Reached XP level 25. HP: 235/240 MP: 45/45
138880 | Zot:2    | Reached skill level 5 in Summonings
141287 | Zot:5    | Entered Level 5 of the Realm of Zot
141646 | Zot:5    | Found Tegau's CLEARANCE SALE!.
142158 | Zot:5    | Noticed a Killer Klown
142164 | Zot:5    | Killed a Killer Klown
142189 | Zot:5    | Noticed a Killer Klown
142193 | Zot:5    | Killed a Killer Klown
142578 | Zot:5    | Noticed an ancient lich
142582 | Zot:5    | Killed an ancient lich
142623 | Zot:5    | Noticed an orb of fire
142625 | Zot:5    | Gained mutation: You are strong-willed. (Will+) [an orb of
                  | fire]
142627 | Zot:5    | Killed an orb of fire
142958 | Zot:5    | Noticed an orb of fire
142960 | Zot:5    | Gained mutation: You are weak. (Str -2) [an orb of fire]
142961 | Zot:5    | Gained mutation: You are covered in fur. (AC +1) [an orb of
                  | fire]
142966 | Zot:5    | Killed an orb of fire
142972 | Zot:5    | Noticed an orb of fire
142991 | Zot:5    | Noticed an orb of fire
142992 | Zot:5    | Killed an orb of fire
143004 | Zot:5    | Gained mutation: Your body sometimes deteriorates upon
                  | taking damage. [an orb of fire]
143019 | Zot:5    | Gained mutation: You are very weak. (Str -4) [an orb of
                  | fire]
143022 | Zot:5    | Noticed an orb of fire
143023 | Zot:5    | Gained mutation: Your body often deteriorates upon taking
                  | damage. [an orb of fire]
143024 | Zot:5    | Killed an orb of fire
143151 | Zot:5    | Gained mutation: You sometimes lose the ability to drink
                  | potions when taking damage. [an orb of fire]
143154 | Zot:5    | Killed an orb of fire
143155 | Zot:5    | Reached skill level 5 in Stealth
143155 | Zot:5    | Noticed a Killer Klown
143159 | Zot:5    | Killed a Killer Klown
143314 | Zot:5    | Noticed an orb of fire
143420 | Zot:4    | Killed an orb of fire
143512 | Zot:5    | Noticed a Killer Klown
143521 | Zot:4    | Killed a Killer Klown
143911 | Zot:5    | Noticed an ancient lich
144080 | Zot:5    | Killed an ancient lich
144081 | Zot:5    | Reached XP level 26. HP: 250/250 MP: 31/45
145148 | Zot:5    | Found Tegau's CLEARANCE SALE!.
145238 | Zot:5    | Noticed an orb of fire
145242 | Zot:5    | Killed an orb of fire
146282 | Zot:5    | Lost mutation: Your body often deteriorates upon taking
                  | damage. [potion of mutation]
146282 | Zot:5    | Lost mutation: You are strong-willed. (Will+) [potion of
                  | mutation]
146282 | Zot:5    | Lost mutation: You sometimes lose the ability to drink
                  | potions when taking damage. [potion of mutation]
146282 | Zot:5    | Lost mutation: You occasionally lose the ability to drink
                  | potions when taking damage. [potion of mutation]
146282 | Zot:5    | Gained mutation: You are frail. (-10% HP) [potion of
                  | mutation]
146282 | Zot:5    | Gained mutation: Your flesh is heat resistant. (rF+)
                  | [potion of mutation]
146282 | Zot:5    | Lost mutation: You are frail. (-10% HP) [potion of
                  | mutation]
146283 | Zot:5    | Lost mutation: Your body sometimes deteriorates upon taking
                  | damage. [potion of mutation]
146283 | Zot:5    | Lost mutation: You are covered in fur. (AC +1) [potion of
                  | mutation]
146283 | Zot:5    | Lost mutation: Your flesh is heat resistant. (rF+) [potion
                  | of mutation]
146283 | Zot:5    | Lost mutation: You are clumsy. (Dex -2) [potion of
                  | mutation]
146283 | Zot:5    | Lost mutation: You are very weak. (Str -4) [potion of
                  | mutation]
146283 | Zot:5    | Lost mutation: Potions are less effective at restoring your
                  | health. [potion of mutation]
146283 | Zot:5    | Gained mutation: Your magical capacity is low. (-10% MP)
                  | [potion of mutation]
146283 | Zot:5    | Gained mutation: You are clumsy. (Dex -2) [potion of
                  | mutation]
146283 | Zot:5    | Gained mutation: Your natural rate of healing is unusually
                  | fast. [potion of mutation]
146283 | Zot:5    | Gained mutation: Your flesh is cold resistant. (rC+)
                  | [potion of mutation]
146283 | Zot:5    | Gained mutation: You are partially covered in iridescent
                  | scales. (AC +2) [potion of mutation]
146283 | Zot:5    | Gained mutation: Your flesh is heat resistant. (rF+)
                  | [potion of mutation]
146283 | Zot:5    | Gained mutation: You have a pair of small horns on your
                  | head. [potion of mutation]
146284 | Zot:5    | Lost mutation: You have a pair of small horns on your head.
                  | [potion of mutation]
146284 | Zot:5    | Lost mutation: You are clumsy. (Dex -2) [potion of
                  | mutation]
146284 | Zot:5    | Lost mutation: You are weak. (Str -2) [potion of mutation]
146284 | Zot:5    | Lost mutation: You are partially covered in iridescent
                  | scales. (AC +2) [potion of mutation]
146284 | Zot:5    | Gained mutation: Your body sometimes deteriorates upon
                  | taking damage. [potion of mutation]
146284 | Zot:5    | Lost mutation: Your body sometimes deteriorates upon taking
                  | damage. [potion of mutation]
146284 | Zot:5    | Gained mutation: Your magical capacity is very low. (-20%
                  | MP) [potion of mutation]
146284 | Zot:5    | Gained mutation: Your spells are a little easier to cast,
                  | but a little less powerful. [potion of mutation]
146284 | Zot:5    | Gained mutation: Your magical capacity is extremely low.
                  | (-30% MP) [potion of mutation]
146284 | Zot:5    | Gained mutation: Your muscles are strong. (Str +4, Int/Dex
                  | -1) [potion of mutation]
146285 | Zot:5    | Lost mutation: Your spells are a little easier to cast, but
                  | a little less powerful. [potion of mutation]
146285 | Zot:5    | Lost mutation: Your flesh is heat resistant. (rF+) [potion
                  | of mutation]
146285 | Zot:5    | Lost mutation: Your flesh is cold resistant. (rC+) [potion
                  | of mutation]
146285 | Zot:5    | Lost mutation: Your muscles are strong. (Str +4, Int/Dex
                  | -1) [potion of mutation]
146285 | Zot:5    | Lost mutation: Your natural rate of healing is unusually
                  | fast. [potion of mutation]
146285 | Zot:5    | Lost mutation: Your magical capacity is extremely low.
                  | (-30% MP) [potion of mutation]
146285 | Zot:5    | Gained mutation: You are frail. (-10% HP) [potion of
                  | mutation]
146285 | Zot:5    | Gained mutation: Your tail ends in a venomous barb. [potion
                  | of mutation]
146286 | Zot:5    | Lost mutation: You are frail. (-10% HP) [potion of
                  | mutation]
146286 | Zot:5    | Lost mutation: Your magical capacity is very low. (-20% MP)
                  | [potion of mutation]
146286 | Zot:5    | Lost mutation: Your magical capacity is low. (-10% MP)
                  | [potion of mutation]
146286 | Zot:5    | Lost mutation: Your tail ends in a venomous barb. [potion
                  | of mutation]
146286 | Zot:5    | Gained mutation: You are weak. (Str -2) [potion of
                  | mutation]
146286 | Zot:5    | Gained mutation: You occasionally shout uncontrollably at
                  | your foes. [potion of mutation]
146286 | Zot:5    | Gained mutation: You have large cloven feet. [potion of
                  | mutation]
146287 | Zot:5    | Lost mutation: You have large cloven feet. [potion of
                  | mutation]
146287 | Zot:5    | Lost mutation: You occasionally shout uncontrollably at
                  | your foes. [potion of mutation]
146287 | Zot:5    | Lost mutation: You are weak. (Str -2) [potion of mutation]
146287 | Zot:5    | Gained mutation: Your system is resistant to poisons.
                  | (rPois) [potion of mutation]
146287 | Zot:5    | Gained mutation: You occasionally lose the ability to read
                  | scrolls when taking damage. [potion of mutation]
146287 | Zot:5    | Gained mutation: You are dopey. (Int -2) [potion of
                  | mutation]
146287 | Zot:5    | Lost mutation: You are dopey. (Int -2) [potion of mutation]
146287 | Zot:5    | Gained mutation: You have sharp toenails. [potion of
                  | mutation]
146295 | Zot:5    | Got the Orb of Zot
146829 | D:$      | Escaped with the Orb!

Illustrated notes

Levels and vault maps discovered:
D:1:      dpeg_arrival_short_road, layout_loops_ring, minmay_rat_gold_closets
D:2:      layout_loops_cross, serial_forest, infiniplex_forest_fountain,
          infiniplex_forest_clump_tiny, infiniplex_forest_clump_curved,
          infiniplex_forest_pool, infiniplex_forest_clump_double,
          infiniplex_forest_clump_medium, infiniplex_forest_straight_5,
          infiniplex_forest_clump_medium, infiniplex_forest_zigzag_1,
          basic_altar, uniq_terence
D:3:      minmay_angry_zag, layout_basic, marbit_many_paths,
          mainiacjoe_overflow_swirl, kennysheep_generic_room_11, uniq_ijyb,
          uniq_natasha, uniq_robin
D:4:      layout_basic, nicolae_vehumet_altar_sigil, serial_shops, shop,
          minivault_5, grunt_ministairs_12, uniq_duvessa
D:5:      layout_basic, minmay_temple_entry_proselytizer, minmay_bent,
          uniq_pikel
D:6:      layout_gridville, mainiacjoe_overflow_alcove_2,
          corexii_item_surrounded_by_moat
D:7:      layout_loops_cross, gammafunk_temple_overflow_claw, serial_demonic,
          serial_demonic_d, serial_demonic_f, serial_demonic_g,
          serial_demonic_g, serial_demonic_b, serial_demonic_d,
          serial_demonic_e, serial_demonic_e, enter_bailey_2,
          minmay_starry_boxes
D:8:      layout_cave_pools, erik_lair_island, serial_column_ruins,
          column_ruins_hut, column_ruins_grid_4, column_ruins_grid_4,
          column_ruins_corridor_straight, column_ruins_open_tiny
D:9:      layout_basic, ploomutoo_gammafunk_ghost_potion_laboratory,
          minmay_misc_feat_pillars
D:10:     layout_grid_maze, mainiacjoe_overflow_alcove_4, hiddenorc1_lemuel,
          mrwooster_statue_mirror, minmay_ruined_shrine, uniq_harold,
          uniq_amaemon
D:11:     layout_roguey, nrook_pool_corridor, worms_lemuel
D:12:     minmay_strange_plus, layout_cave_pods,
          hangedman_decor_clover_reticule, water_boxes_lemuel, uniq_josephine
D:13:     layout_rooms, erik_vaults_1, muffindrake_ghost_dual_entry,
          minivault_25_ag, minmay_checkered_concentric_circles
D:14:     layout_loops_ring, small_statue_intersection
D:15:     grunt_enter_depths_magical_seal, layout_cave_pools, bh_walls_and_bars,
          enter_trove_3, uniq_azrael
Temple:   oiseaux_autumnal_temple
Lair:1:   layout_long_grid, gammafunk_ghost_wrathful_warriors, minmay_holes,
          nicolae_lair_grazing_beasts [nicolae_sub_lair_graze_edge,
          nicolae_sub_lair_graze_edge, nicolae_sub_lair_graze_edge,
          nicolae_sub_lair_graze_edge]
Lair:2:   layout_layer_cave, elwin_shoals_entry_rooms
Lair:3:   layout_loops_ring, spider_nest_entry_a,
          nicolae_volcano_entry_two_sided, uniq_fannar, uniq_gastronok
Lair:4:   layout_cave_pods, minmay_slime_entry_pillars, grunt_megastairs_5,
          lemuel_fruit_tree, infiniplex_staircase_pool
Lair:5:   minmay_lair_end_enchanted_forest, layout_cellular_growth, st_stairs_8,
          minmay_lair_drake_nest, serial_bayou_shore_a, grunt_megastairs_2,
          infiniplex_staircase_pool_2, uniq_kirke
Shoals:1: layout_shoals, serial_shops, shop
Shoals:2: layout_shoals, uniq_polyphemus
Shoals:3: layout_shoals, nicolae_shoals_songs, uniq_ilsuiw
Shoals:4: shoals_end_simple, layout_shoals,
          portal_ice_cave_entry_ice_statue_one, uniq_aizul
Spider:1: layout_spider_delve
Spider:2: layout_spider_delve, nicolae_spider_orb_run
Spider:3: layout_cave_pods, uniq_arachne
Spider:4: floodkiller_spider_rune_tomb, special_room [special_room_bee]
Orc:1:    layout_caves, mines4_lemuel, uniq_snorg
Orc:2:    st_orc_pillars, layout_caves, basic_altar, lemuel_statue_altar
Elf:1:    eino_elf_arrival_the_gate, layout_geoelf_octagon, serial_shops,
          nicolae_lakefront_shop, shop, nicolae_shop_just_a_little_nook, shop,
          shop, kennysheep_underground_church, corexii_hall_statues_l
Elf:2:    nicolae_elf_blades_crystal_corner, layout_rooms,
          hangedman_elf_targetted_burst, lemuel_flame_loot_1
Elf:3:    minmay_elf_hall_furrowed, layout_loops_corners, serial_shops,
          nicolae_diamond_shop
Vaults:1: nicolae_vaults_network_s, nicolae_vaults_trapezoid_lopsided_2,
          nicolae_vaults_halls_meeting, nicolae_vaults_house_1,
          grunt_vaults_hallway_long, nicolae_vaults_more_shelving_1,
          nicolae_vaults_yaktaur_gun_rack, nicolae_vaults_border_crossing,
          layout_vaults_chaotic_city, serial_shops, bzr_entry_islet, uniq_nikola
Vaults:2: ebering_ghost_xom, grunt_vaults_bifocal, v_misc_4,
          hangedman_vaults_cutoff, minmay_crypt_entry_necro_gods,
          ontoclasm_vaults_hangar, hangedman_vaults_pinch,
          nicolae_vaults_trapezoid_2, nicolae_vaults_little_squares_5,
          nicolae_vaults_diamond_2, ontoclasm_vaults_hangar,
          nicolae_vaults_house_3, nicolae_vaults_surprise_closet_hard,
          nicolae_vaults_little_ls, grunt_vaults_focal, vaults_room_grid,
          v_misc_19, layout_vaults_big_cross
Vaults:3: nicolae_vaults_shrinking_rooms_1, nicolae_vaults_steering_wheel,
          nicolae_vaults_prndl, nicolae_vaults_network_square,
          nicolae_vaults_network_quinsquares
          [nicolae_vaults_network_quincunx_subvault,
          nicolae_vaults_network_quincunx_subvault,
          nicolae_vaults_network_quincunx_subvault,
          nicolae_vaults_network_quincunx_subvault], nicolae_vaults_house_3,
          v_alt_pattern_5, nicolae_vaults_swerve, v_pattern_5,
          nicolae_vaults_little_squares_1, vaults_room_pool,
          nicolae_vaults_specimen_jars, nicolae_vaults_shipping_containers_7,
          vaults_dpeg_encased_lava, layout_vaults_maze_bifur
Vaults:4: nicolae_vaults_tangram_1, nicolae_vaults_little_squares_6,
          nicolae_vaults_ring_of_whatevers, vaults_room_hallway,
          ontoclasm_vaults_ring_small, nicolae_vaults_cornered_office, v_misc_9,
          nicolae_vaults_little_squares_2, v_misc_24, nicolae_vaults_cochlea,
          nicolae_vaults_heart-shaped_vault, v_misc_27,
          nicolae_vaults_shelves_hall, vaults_mumra_hexcomb,
          layout_vaults_omnigrid, serial_shops, nicolae_shop_real_fake_doors,
          shop_fountains
Vaults:5: serial_shops
Crypt:1:  layout_chaotic_city, grunt_crypt_arrival_webbed
Crypt:2:  layout_catacombs, feat_on_display, uniq_grunn
Crypt:3:  lightli_unholy_cathedral, layout_chaotic_city,
          nicolae_tomb_entry_rubble_hallway
Tomb:1
Depths:1: layout_small_grid, minmay_misc_feat_ornament, hell_entry,
          minmay_shattered_shrine
Depths:2: evilmike_negative_zone, layout_gridlike, enter_ziggurat_d,
          rand_demon_pan_entry_9, grunt_hell_entry_dis_grunt, serial_shops,
          nicolae_shop_back_alley_shop, shop, nicolae_qazlal_general_emergency,
          nicolae_rare_books, minmay_misc_feat_five, tgw_xom
Depths:3: kennysheep_spiral_hall, layout_basic, serial_shops, shop,
          nicolae_concentric_dashed_squares_wild, hell_entry,
          nicolae_abyss_entry_one_way_or_another
Depths:4: grunt_zot_entry_tricorne, layout_honeycomb, hell_entry, abyss_entry,
          minmay_shop_star, uniq_enchantress
Zot:1:    layout_cathedral_of_symmetry, guppyfry_library_mini
Zot:2:    lemuel_draconian_sentries, layout_misc_corridors
Zot:3:    kennysheep_blocky_hall, layout_gridlike
Zot:4:    layout_misc_corridors
Zot:5:    layout_basic, nicolae_shop_clearance

Skill      XL: |  1  2  3  4  5  6  7  8  9 10 11 12 13 14 15 16 17 18 19 20 21 22 23 24 25 26 |
---------------+-------------------------------------------------------------------------------+-----
Transmutations | 1 2 |  2.4
Poison Magic   | 3 4 6 7 9 |  9.4
Spellcasting   | 2 3 5 6 7 8 10 12 14 | 14.9
Air Magic      | 1 2 3 4 9 11 12 14 | 14.9
Fighting       | 1 2 5 6 7 9 11 14 | 14.9
Conjurations   | 1 2 3 4 7 9 10 12 14 | 14.9
Evocations     | 3 4 5 6 8 10 12 | 12.6
Fire Magic     | 3 5 6 9 11 13 14 | 14.9
Dodging        | 2 3 4 7 8 9 |  9.4
Armour         | 2 3 4 5 7 11 13 14 | 14.3
Shields        | 2 3 4 6 10 12 | 12.9
Translocations | 2 3 |  3.2
Earth Magic    | 3 |  3.0
Hexes          | 2 |  2.3
Throwing       | 10 14 | 14.9
Necromancy     | 4 9 11 | 11.5
Summonings     | 3 8 9 |  9.5
Stealth        | 6 7 |  7.8

Action                     |  1- 3 |  4- 6 |  7- 9 | 10-12 | 13-15 | 16-18 | 19-21 | 22-24 | 25-27 || total
---------------------------+-------+-------+-------+-------+-------+-------+-------+-------+-------++-------
  Melee: Unarmed           |    23 |       |       |       |       |       |       |       |       ||    23
         Short sword       |   122 |       |       |       |       |       |       |       |       ||   122
         Hand axe          |    43 |    19 |     2 |       |       |       |       |       |       ||    64
         Tailslap          |    42 |     1 |    12 |     6 |    14 |     4 |    17 |     2 |     1 ||    99
         Punch             |     2 |       |     1 |       |       |       |       |       |       ||     3
         Dagger            |       |       |    35 |       |       |       |       |       |       ||    35
         Whip              |       |       |    25 |    29 |    68 |    25 |    68 |    10 |     4 ||   229
   Fire: Sling             |       |       |    16 |       |       |       |       |       |       ||    16
  Throw: Stone             |       |     2 |       |       |       |       |       |       |       ||     2
         Boomerang         |       |       |       |     7 |       |       |       |       |       ||     7
         Dart              |       |       |       |     1 |       |       |     4 |       |       ||     5
         Throwing net      |       |       |       |       |       |       |     2 |       |       ||     2
         Javelin           |       |       |       |       |       |       |     1 |       |       ||     1
   Cast: Sting             |    61 |   118 |    28 |       |       |       |       |       |       ||   207
         Poisonous Vapours |    14 |    46 |    92 |    71 |    18 |       |       |       |       ||   241
         Olgreb's Toxic Ra |       |       |     1 |    47 |    12 |       |       |       |       ||    60
         Scorch            |       |       |     6 |   142 |    16 |       |       |       |       ||   164
         Mephitic Cloud    |       |       |     1 |     1 |     3 |       |       |       |       ||     5
         Fireball          |       |       |       |    98 |   235 |    51 |    14 |    12 |    19 ||   429
         Plasma Beam       |       |       |       |       |   224 |   540 |   532 |   693 |   180 ||  2169
         Iskenderun's Myst |       |       |       |       |    19 |    21 |    77 |     9 |       ||   126
         Arcjolt           |       |       |       |       |    10 |    31 |    34 |    31 |     6 ||   112
         Passwall          |       |       |       |       |       |     2 |     1 |       |     2 ||     5
         Apportation       |       |       |       |       |       |     7 |    15 |       |       ||    22
         Blink             |       |       |       |       |       |     1 |     7 |     2 |     2 ||    12
         Yara's Violent Un |       |       |       |       |       |       |    11 |     9 |     2 ||    22
         Maxwell's Capacit |       |       |       |       |       |       |    17 |    47 |    80 ||   144
         Dispel Undead     |       |       |       |       |       |       |     2 |     5 |     5 ||    12
         Sublimation of Bl |       |       |       |       |       |       |       |   213 |    57 ||   270
         Irradiate         |       |       |       |       |       |       |       |    21 |    15 ||    36
         Spellforged Servi |       |       |       |       |       |       |       |     3 |       ||     3
         Swiftness         |       |       |       |       |       |       |       |     1 |       ||     1
 Invoke: Curse Item        |       |       |       |     6 |     6 |     2 |     3 |     2 |       ||    19
         Shatter the Chain |       |       |       |       |     2 |     3 |     3 |     1 |       ||     9
  Evoke: Wand              |       |    10 |    22 |     1 |     5 |    10 |    26 |     9 |    15 ||    98
         Lightning rod     |       |       |       |       |     4 |    10 |    24 |    12 |     4 ||    54
         Phial of floods   |       |       |       |       |     1 |     3 |     4 |     1 |       ||     9
         Tin of tremorston |       |       |       |       |       |     2 |     6 |     4 |     2 ||    14
         Phantom mirror    |       |       |       |       |       |       |     1 |     2 |       ||     3
    Use: Scroll            |     3 |     3 |    11 |    11 |     7 |     8 |    10 |    13 |     8 ||    74
         Potion            |     1 |       |     1 |     1 |     2 |     4 |     5 |    18 |    15 ||    47
   Stab: Sleeping          |     1 |     1 |       |       |       |       |       |       |       ||     2
         Paralysed         |       |       |     2 |       |     3 |     7 |       |       |       ||    12
         Confused          |       |       |       |       |     2 |       |       |       |       ||     2
         Distracted        |       |       |       |       |       |       |     1 |       |       ||     1
         Invisible         |       |       |       |       |       |       |       |     1 |       ||     1
 Armour: Robe              |    37 |    57 |    39 |     5 |       |       |       |       |       ||   138
         Leather armour    |       |       |       |    34 |    29 |       |       |       |       ||    63
         Steam dragon scal |       |       |       |     5 |       |       |       |       |       ||     5
         Troll leather arm |       |       |       |       |    26 |    91 |   128 |   202 |    76 ||   523
  Dodge: Dodged            |    38 |    47 |    35 |    64 |    57 |    92 |    95 |   134 |    54 ||   616
  Block: Buckler           |       |       |       |     2 |    51 |    56 |    96 |   145 |    57 ||   407

Table legend: (Time is in decaauts)
 A = Elapsed time spent in this place.
 B = Non-inter-level travel time spent in this place.
 C = Inter-level travel time spent in this place.
 D = Time resting spent in this place.
 E = Time spent auto-exploring this place.
 F = Levels seen in this place.
 G = Mean time per level.
                   A        B        C        D        E       F      G
               +--------+--------+--------+--------+--------+-----+--------+
         Total | 147015 | 139065 |   7950 |  33387 |  89073 |  56 | 2625.3 |
       Dungeon |  35043 |  31893 |   3150 |   5712 |  21945 |  15 | 2336.2 |
        Temple |      1 |      1 |      0 |      0 |      0 |   1 |    1.0 |
          Lair |  18081 |  16941 |   1140 |   2072 |  12878 |   5 | 3616.2 |
        Shoals |  13892 |  13198 |    694 |   4337 |   7919 |   4 | 3473.0 |
   Spider Nest |  13655 |  13330 |    325 |   6261 |   6169 |   4 | 3413.8 |
  Orcish Mines |   5192 |   4780 |    412 |      5 |   4098 |   2 | 2596.0 |
   Elven Halls |  10557 |  10256 |    301 |   2655 |   6457 |   3 | 3519.0 |
        Vaults |  16022 |  15448 |    574 |   1714 |  11759 |   5 | 3204.4 |
         Crypt |  11369 |  11062 |    307 |   3273 |   6740 |   3 | 3789.7 |
          Tomb |   2129 |   2022 |    107 |    821 |    775 |   1 | 2129.0 |
        Depths |   9676 |   9093 |    583 |   2116 |   5738 |   4 | 2419.0 |
           Zot |   9706 |   9354 |    352 |   3512 |   4346 |   5 | 1941.2 |
        Bazaar |     73 |     73 |      0 |      0 |     18 |   1 |   73.0 |
         Trove |     95 |     95 |      0 |      0 |     34 |   1 |   95.0 |
        Bailey |    947 |    947 |      0 |    623 |     97 |   1 |  947.0 |
       Volcano |    572 |    572 |      0 |    285 |     99 |   1 |  572.0 |
               +--------+--------+--------+--------+--------+-----+--------+

Top non-repeatable levels by time:
Spider:4: 6135 daAuts
  Lair:5: 5082 daAuts
Shoals:3: 4655 daAuts
 Crypt:2: 4329 daAuts
   Elf:3: 4215 daAuts
   Zot:5: 3932 daAuts
 Crypt:1: 3837 daAuts
Vaults:1: 3784 daAuts
Spider:3: 3665 daAuts
Vaults:2: 3656 daAuts
  Lair:4: 3623 daAuts
  Lair:2: 3620 daAuts
   Orc:2: 3560 daAuts
   Elf:2: 3545 daAuts
Vaults:3: 3544 daAuts
